Map: 트라이튼 - 래더

Players

GOReynor (Reynor) - Winner!

  • Race: Zerg Zerg
  • League: Master
  • Spawn Location: 5:00

Cure

  • Race: Terran Terran
  • League: Master
  • Spawn Location: 11:00

Event: HomeStory Cup XX

VOD

Have the link to the VOD?

Description

Time

  • Played on: Nov. 23, 2019, 12:58 p.m.
  • Length: 10:07

All games in this series

Show
View Real Time Build Order
Export as new Build Order

GOReynor Zerg - Winner!

Build Orders: Hatch First, Swarm Host 

Get SALT Encoding   

  12  0:00  Drone  
  13  0:12  Overlord  
  13  0:16  Drone  
  14  0:31  Drone x2  
  16  0:47  Hatchery  
  15  0:50  Drone  
  15  0:54  Drone  
  17  0:57  Drone  
  18  1:07  Extractor  
  17  1:12  Spawning Pool  
  17  1:15  Drone  
  17  1:18  Drone  
  18  1:28  Drone  
  19  1:39  Drone  
  20  1:49  Overlord  
  20  1:59  Queen x2  
  20  2:00  Zergling x4  
  26  2:09  Drone  
  26  2:12  Drone  
  28  2:20  Drone  
  28  2:22  Drone  
  30  2:26  Hatchery  
  28  2:33  Drone x2  
  30  2:41  Queen  
  32  2:47  Metabolic Boost  
  32  2:48  Overlord  
  32  2:51  Drone  
  33  2:53  Drone  
  33  2:55  Drone  
  35  3:08  Extractor  
  35  3:09  Spore Crawler  
  35  3:10  Drone  
  32  3:14  Drone x4  
  37  3:20  Drone  
  37  3:21  Queen  
  37  3:24  Zergling x2  
  42  3:30  Zergling x2  
  42  3:33  Overlord  
  43  3:36  Zergling x2  
  43  3:38  Drone  
  43  3:40  Queen  
  47  3:46  Drone x2  
  49  3:52  Drone x3  
  49  3:54  Drone x4  
  56  3:57  Overlord  
  56  4:02  Roach Warren  
  55  4:04  Drone  
  55  4:06  Drone  
  55  4:08  Overlord  
  57  4:15  Overlord  
  57  4:16  Zergling x2  
  58  4:21  Overlord  
  58  4:26  Queen  
  58  4:27  Overlord  
  60  4:32  Drone x6  
  60  4:37  Overlord  
  66  4:46  Roach x4  
  66  4:47  Roach x2  
  66  4:48  Drone x2  
  66  4:50  Drone  
  66  4:51  Extractor  
  66  4:52  Extractor, Drone x2  
  81  5:00  Zergling x6  
  81  5:04  Evolution Chamber  
  81  5:05  Zergling x4, Roach x2  
  85  5:09  Zergling x2  
  85  5:12  Drone x2  
  85  5:13  Queen  
  85  5:18  Drone  
  85  5:22  Drone x3  
  85  5:24  Drone  
  85  5:25  Drone  
  85  5:26  Drone  
  91  5:33  Spore Crawler, Drone  
  91  5:36  Queen  
  91  5:37  Spore Crawler  
  91  5:38  Drone x2  
  94  5:43  Drone  
  94  5:47  Drone  
  94  5:48  Drone  
  97  5:50  Lair  
  97  5:51  Overlord  
  97  5:52  Drone  
  97  5:55  Spore Crawler, Overlord  
  95  5:57  Drone x3  
  95  6:01  Overlord  
  98  6:09  Drone x3  
  98  6:10  Hatchery, Drone, Overlord  
  101  6:14  Queen  
  101  6:15  Extractor  
  101  6:18  Drone, Evolution Chamber x2  
  97  6:19  Drone  
  97  6:22  Drone x2  
  100  6:28  Extractor x2, Queen  
  100  6:32  Roach x2  
  104  6:35  Overlord  
  104  6:36  Drone x3  
  104  6:37  Drone  
  108  6:43  Overlord  
  106  6:48  Zerg Missile Weapons Level 1  
  106  6:49  Zerg Ground Armor Level 1  
  106  6:52  Zergling x14  
  111  6:54  Queen  
  111  6:59  Infestation Pit  
  112  7:03  Overlord  
  112  7:06  Glial Reconstitution, Queen  
  114  7:09  Queen  
  114  7:11  Roach  
  114  7:12  Roach x2  
  122  7:16  Spore Crawler, Overlord  
  121  7:25  Drone  
  122  7:36  Swarm Host x9  
  125  7:44  Swarm Host  
  148  7:47  Queen  
  148  7:49  Queen  
  155  7:52  Overlord  
  155  7:56  Swarm Host  
  155  7:58  Overlord x2  
  158  8:04  Overlord  
  158  8:10  Roach x5  
  168  8:15  Queen  
  168  8:16  Roach x3  
  174  8:25  Roach x4  
  177  8:32  Roach x2  
  177  8:33  Roach x2  
  185  8:40  Overlord  
  181  8:51  Roach x5  
  181  8:52  Roach  
  181  8:54  Overlord  
  189  8:56  Roach  
  189  8:57  Roach  
  187  9:05  Roach x6  
  191  9:11  Roach x4  
  199  9:22  Roach  
  193  9:33  Roach x3  
Show
View Real Time Build Order
Export as new Build Order

Cure Terran 

Build Orders: Reaper Expand, Mech 

Get SALT Encoding   

  12  0:00  SCV  
  13  0:12  SCV  
  14  0:16  Supply Depot  
  14  0:24  SCV  
  15  0:38  SCV  
  15  0:40  Barracks  
  15  0:42  Refinery  
  16  0:50  SCV  
  17  1:02  SCV  
  18  1:14  SCV  
  19  1:27  Orbital Command, Reaper  
  20  1:37  Command Center  
  20  1:47  Supply Depot  
  20  1:52  SCV  
  21  1:59  Reaper  
  22  2:04  SCV  
  23  2:17  SCV  
  23  2:19  Factory  
  24  2:29  SCV  
  25  2:39  Command Center, Barracks Reactor  
  25  2:41  SCV  
  26  2:49  Refinery  
  26  2:50  Orbital Command  
  26  2:53  SCV  
  27  3:04  Refinery  
  27  3:06  SCV  
  28  3:20  Starport  
  28  3:21  SCV x2  
  28  3:26  Hellion x2, Marine  
  35  3:33  SCV x2  
  37  3:44  Marine  
  37  3:45  SCV x2  
  42  3:48  Hellion  
  42  3:49  Hellion  
  42  3:51  Orbital Command  
  44  3:56  Fusion Core  
  44  3:57  SCV  
  44  3:58  SCV  
  46  4:09  Starport Tech Lab  
  46  4:10  SCV x2  
  46  4:12  Hellion x2  
  52  4:17  Supply Depot, Orbital Command  
  52  4:22  SCV x2  
  53  4:33  Refinery  
  53  4:34  SCV x2  
  59  4:39  Supply Depot  
  59  4:43  Battlecruiser  
  59  4:44  Supply Depot  
  61  4:46  SCV x3  
  61  4:50  Hellion  
  61  4:51  Hellion  
  68  4:54  Weapon Refit  
  68  4:58  SCV  
  69  5:01  SCV x2  
  69  5:10  SCV  
  69  5:12  Hellion x2  
  69  5:13  SCV x2  
  65  5:22  SCV  
  65  5:25  SCV x2  
  65  5:26  Factory  
  65  5:27  Factory  
  68  5:28  Supply Depot x2  
  68  5:34  Hellion  
  68  5:35  Hellion  
  72  5:37  SCV  
  72  5:38  SCV  
  72  5:40  SCV  
  73  5:50  Battlecruiser  
  73  5:53  SCV x3  
  82  5:59  Hellion x2  
  82  6:01  Refinery  
  82  6:02  Refinery  
  86  6:08  SCV x2  
  86  6:11  Refinery, SCV  
  87  6:12  Refinery  
  87  6:16  Factory Tech Lab x2  
  87  6:20  Armory  
  87  6:21  SCV x2  
  87  6:23  SCV  
  87  6:25  Hellion x2  
  94  6:33  SCV x2  
  94  6:35  SCV  
  94  6:36  Supply Depot  
  94  6:38  Supply Depot, Engineering Bay  
  97  6:42  Siege Tank  
  97  6:45  SCV  
  101  6:54  Supply Depot  
  101  6:56  Command Center  
  101  6:58  Hellion, Siege Tank, SCV x2  
  108  7:05  Battlecruiser  
  114  7:11  Supply Depot  
  114  7:13  Supply Depot x2  
  114  7:16  SCV x2  
  114  7:17  SCV  
  114  7:18  Siege Tank  
  120  7:27  Factory  
  120  7:28  Factory  
  120  7:37  Hellion, Siege Tank  
  120  7:38  Hellion  
  120  7:41  SCV x3  
  130  7:46  Terran Vehicle Weapons Level 1  
  130  7:48  Armory  
  130  7:50  Siege Tank  
  133  8:00  Factory, Missile Turret, SCV x3  
  133  8:01  Factory  
  133  8:04  Missile Turret  
  133  8:05  Factory  
  136  8:09  Hellion x2  
  136  8:11  Refinery  
  140  8:15  Refinery  
  140  8:17  SCV x3  
  143  8:25  Siege Tank x2  
  143  8:26  Factory Tech Lab, Factory Reactor  
  149  8:34  SCV x3  
  150  8:42  Planetary Fortress  
  150  8:45  Hellion x2  
  150  8:46  Factory Tech Lab, Factory Reactor  
  133  8:57  Siege Tank x2  
  133  9:01  Siege Tank  
  134  9:03  Hellion x2  
  134  9:06  Siege Tank  
  134  9:09  Factory Reactor  
  124  9:11  Hellion x2  
  110  9:24  Hellion x2  
  110  9:29  Hellion x2, Siege Tank x2  
  121  9:32  Hellion x2  
  121  9:33  Siege Tank  
Tags
 
Add a new tag
Caveats
  • Supply blocks, unpowered buildings, or Contaminate may cause inaccurate times.
  • Supply counts are checked every 10 seconds.